Workbook

Sheet Приложение 1
C1: Приложение 1 к решению Совета депутатов Трофимовщинского сельского поселения Ромодановского муниципального района Республики Мордовия «О бюджете Трофимовщинского сельского поселения Ромодановского муниципального района Республики Мордовия на 2022 год и на плановый период 2023 и 2024 годов»от 29.12.2022г№14
A6: ОБЪЕМ БЕЗВОЗМЕЗДНЫХ ПОСТУПЛЕНИЙ В БЮДЖЕТ ТРОФИМОВЩИНСКОГО СЕЛЬСКОГО ПОСЕЛЕНИЯ РОМОДАНОВСКОГО МУНИЦИПАЛЬНОГО РАЙОНА РЕСПУБЛИКИ МОРДОВИЯ НА 2022 ГОД И НА ПЛАНОВЫЙ ПЕРИОД 2023 И 2024 ГОДОВ
E7: (тыс. рублей)
A8: Код | B8: Наименование | C8: Сумма
C9: 2022 год | D9: 2023 год | E9: 2024 год
A10: 1 | B10: 2 | C10: 3 | D10: 4 | E10: 5
A11: 2 00 00000 00 0000 000 | B11: БЕЗВОЗМЕЗДНЫЕ ПОСТУПЛЕНИЯ | C11: =C13+C21+C26+C19 -> 1495.7 | D11: =D13+D21+D26 -> 314.5 | E11: =E13+E21+E26 -> 317.7
A12: 2 02 00000 00 0000 000 | B12: Безвозмездные поступления от других бюджетов бюджетной системы Российской Федерации | C12: =C21+C26+C19+C13 -> 1495.7 | D12: =D21+D26 -> 314.5 | E12: =E21+E26 -> 317.7
A13: 2 02 10000 00 0000 150 | B13: Дотации бюджетам бюджетной системы Российской Федерации | C13: =C14+C16 -> 423 | D13: =D14+D16 -> 0 | E13: =E14+E16 -> 0
A14: 2 02 15001 00 0000 150 | B14: Дотации на выравнивание бюджетной обеспеченности | C14: =C15 -> 0 | D14: =D15 -> 0 | E14: =E15 -> 0
A15: 2 02 15001 10 0000 150 | B15: Дотации бюджетам сельских поселений на выравнивание бюджетной обеспеченности из бюджета субъекта Российской Федерации
A16: 2 02 15002 00 0000 150 | B16: Дотации бюджетам на поддержку мер по обеспечению сбалансированности бюджетов | C16: =C17 -> 423 | D16: =D17 -> 0 | E16: =E17 -> 0
A17: 2 02 15002 10 0000 150 | B17: Дотации бюджетам сельских поселений на поддержку мер по обеспечению сбалансированности бюджетов | C17: 423
A18: 2 02 20000 00 0000 150 | B18: Субсидии бюджетам бюджетной системы Российской Федерации (межбюджетные субсидии) | C18: =C19 -> 398.7 | D18: =D19 -> 0 | E18: =E19 -> 0
A19: 2 02 29999 00 0000 150 | B19: Прочие субсидии | C19: =C20 -> 398.7 | D19: =D20 -> 0 | E19: =E20 -> 0
A20: 2 02 29999 10 0000 150 | B20: Прочие субсидии бюджетам сельских поселений | C20: 398.7
A21: 2 02 30000 00 0000 150 | B21: Субвенции бюджетам бюджетной системы Российской Федерации | C21: =C22+C24 -> 95.5 | D21: =D22+D24 -> 93 | E21: =E22+E24 -> 96.2
A22: 2 02 30024 00 0000 150 | B22: Субвенции местным бюджетам на выполнение передаваемых полномочий субъектов Российской Федерации | C22: =C23 -> 0.2 | D22: =D23 -> 0.2 | E22: =E23 -> 0.2
A23: 2 02 30024 10 0000 150 | B23: Субвенции бюджетам сельских поселений на выполнение передаваемых полномочий субъектов Российской Федерации | C23: 0.2 | D23: 0.2 | E23: 0.2
A24: 2 02 35118 00 0000 150 | B24: Субвенции бюджетам на осуществление первичного воинского учета органами местного самоуправления поселений,муниципальных и городских округов | C24: =C25 -> 95.3 | D24: =D25 -> 92.8 | E24: =E25 -> 96
A25: 2 02 35118 10 0000 150 | B25: Субвенции бюджетам сельских поселений на осуществление первичного воинского учета органами местного самоуправления поселений,муниципальных и городских округов | C25: 95.3 | D25: 92.8 | E25: 96
A26: 2 02 40000 00 0000 150 | B26: Иные межбюджетные трансферты | C26: =C27 -> 578.5 | D26: =D27 -> 221.5 | E26: =E27 -> 221.5
A27: 2 02 40014 00 0000 150 | B27: Межбюджетные трансферты, передаваемые бюджетам муниципальных образований на осуществление части полномочий по решению вопросов местного значения в соответствии с заключенными соглашениями | C27: =C28 -> 578.5 | D27: =D28 -> 221.5 | E27: =E28 -> 221.5
A28: 2 02 40014 10 0000 150 | B28: Межбюджетные трансферты, передаваемые бюджетам сельских поселений из бюджетов муниципальных районов на осуществление части полномочий по решению вопросов местного значения в соответствии с заключенными соглашениями | C28: 578.5 | D28: 221.5 | E28: 221.5

Sheet Приложение 2
I1: Приложение 2 к решению Совета депутатов Трофимовщинского сельского поселения Ромодановского муниципального района Республики Мордовия «О бюджете Трофимовщинского сельского поселения Ромодановского муниципального района Республики Мордовия на 2022 год и на плановый период 2023 и 2024 годов»от 29.12.2021г.№14
A2: ВЕДОМСТВЕННАЯ СТРУКТУРА РАСХОДОВ БЮДЖЕТА ТРОФИМОВЩИНСКОГО СЕЛЬСКОГО ПОСЕЛЕНИЯ РОМОДАНОВСКОГО МУНИЦИПАЛЬНОГО РАЙОНА РЕСПУБЛИКИ МОРДОВИЯ НА 2022 ГОД И НА ПЛАНОВЫЙ ПЕРИОД 2023 И 2024 ГОДОВ
I3: (тыс. рублей)
A4: Наименование | B4: Адм | C4: Рз | D4: Прз | E4: Цср | I4: Вр | J4: Сумма
J5: 2022 год | K5: 2023 год | L5: 2024 год
A6: 1 | B6: 2 | C6: 3 | D6: 4 | E6: 5 | F6: 6 | G6: 7 | H6: 8 | I6: 9 | J6: 10 | K6: 11 | L6: 12
A7: ВСЕГО | J7: =J8 -> 2493.1 | K7: =K8 -> 1213.2 | L7: =L8 -> 1230.5
A8: Администрация Трофимовщинского сельского поселения Ромодановского муниципального района Республики Мордовия | B8: 924 | J8: =J9+J44+J54+J68+J82 -> 2493.1 | K8: =K9+K44+K54+K68+K82+K89 -> 1213.2 | L8: =L9+L44+L54+L68+L82+L89 -> 1230.5
A9: Общегосударственные вопросы | B9: 924 | C9: 01 | J9: =J10+J19+J38 -> 1470.1 | K9: =K10+K19+K38 -> 663.4 | L9: =L10+L19+L38 -> 648.8
A10: Функционирование высшего должностного лица субъекта Российской Федерации и муниципального образования | B10: 924 | C10: 01 | D10: 02 | J10: =J11+J16 -> 454.1 | K10: =K11 -> 203.3 | L10: =L11 -> 181.6
A11: Обеспечение деятельности аппарата Администрации | B11: 924 | C11: 01 | D11: 02 | E11: 65 | F11: 0 | J11: =J12 -> 337.1 | K11: =K12 -> 203.3 | L11: =L12 -> 181.6
A12: Высшее должностное лицо | B12: 924 | C12: 01 | D12: 02 | E12: 65 | F12: 1 | J12: =J13 -> 337.1 | K12: =K13 -> 203.3 | L12: =L13 -> 181.6
A13: Расходы на выплаты по оплате труда высшего должностного лица | B13: 924 | C13: 01 | D13: 02 | E13: 65 | F13: 1 | G13: 00 | H13: 41150 | J13: =J14 -> 337.1 | K13: =K14 -> 203.3 | L13: =L14 -> 181.6
A14: Расходы на выплаты персоналу в целях обеспечения выполнения функций государственными (муниципальными) органами, казенными учреждениями, органами управления государственными внебюджетными фондами | B14: 924 | C14: 01 | D14: 02 | E14: 65 | F14: 1 | G14: 00 | H14: 41150 | I14: 100 | J14: =J15 -> 337.1 | K14: =K15 -> 203.3 | L14: =L15 -> 181.6
A15: Расходы на выплаты персоналу государственных (муниципальных) органов | B15: 924 | C15: 01 | D15: 02 | E15: 65 | F15: 1 | G15: 00 | H15: 41150 | I15: 120 | J15: 337.1 | K15: 203.3 | L15: 181.6
A16: Субсидии на софинансирование расходных обязательств по финансовому обеспечению деятельности органов местного самоуправления и муниципальных учреждений | B16: 924 | C16: 01 | D16: 02 | E16: 65 | F16: 1 | G16: 00 | H16: 44205 | J16: =J17 -> 117
A17: =A14 -> Расходы на выплаты персоналу в целях обеспечения выполнения функций государственными (муниципальными) органами, казенными учреждениями, органами управления государственными внебюджетными фондами | B17: 924 | C17: 01 | D17: 02 | E17: 65 | F17: 1 | G17: 00 | H17: 44205 | I17: 100 | J17: =J18 -> 117
A18: =A15 -> Расходы на выплаты персоналу государственных (муниципальных) органов | B18: 924 | C18: 01 | D18: 02 | E18: 65 | F18: 1 | G18: 00 | H18: 44205 | I18: 120 | J18: 117
A19: Функционирование Правительства Российской Федерации, высших исполнительных органов государственной власти субъектов Российской Федерации, местных администраций | B19: 924 | C19: 01 | D19: 04 | J19: =J20+J33+J25 -> 1016 | K19: =K20+K33 -> 455.1 | L19: =L20+L33 -> 462.2
A20: Обеспечение деятельности аппарата Администрации | B20: 924 | C20: 01 | D20: 04 | E20: 65 | F20: 0 | J20: =J21 -> 778.6 | K20: =K21 -> 454.9 | L20: =L21 -> 462
A21: Непрограмные расходы в рамках обеспечение деятельности Администраци | B21: 924 | C21: 01 | D21: 04 | E21: 65 | F21: 2 | J21: =J22+J28 -> 778.6 | K21: =K22+K28 -> 454.9 | L21: =L22+L28 -> 462
A22: Расходы на выплаты по оплате труда работников органов местного самоуправления | B22: 924 | C22: 01 | D22: 04 | E22: 65 | F22: 2 | G22: 00 | H22: 41110 | J22: =J23 -> 535.2 | K22: =K23 -> 359.9 | L22: =L23 -> 367
A23: Расходы на выплаты персоналу в целях обеспечения выполнения функций государственными (муниципальными) органами, казенными учреждениями, органами управления государственными внебюджетными фондами | B23: 924 | C23: 01 | D23: 04 | E23: 65 | F23: 2 | G23: 00 | H23: 41110 | I23: 100 | J23: =J24 -> 535.2 | K23: =K24 -> 359.9 | L23: =L24 -> 367
A24: Расходы на выплаты персоналу государственных (муниципальных) органов | B24: 924 | C24: 01 | D24: 04 | E24: 65 | F24: 2 | G24: 00 | H24: 41110 | I24: 120 | J24: 535.2 | K24: 359.9 | L24: 367
A25: =A16 -> Субсидии на софинансирование расходных обязательств по финансовому обеспечению деятельности органов местного самоуправления и муниципальных учреждений | B25: 924 | C25: 01 | D25: 04 | E25: 65 | F25: 2 | G25: 00 | H25: 44205 | J25: =J26 -> 237.2
A26: =A23 -> Расходы на выплаты персоналу в целях обеспечения выполнения функций государственными (муниципальными) органами, казенными учреждениями, органами управления государственными внебюджетными фондами | B26: 924 | C26: 01 | D26: 04 | E26: 65 | F26: 2 | G26: 00 | H26: 44205 | I26: 100 | J26: =J27 -> 237.2
A27: =A24 -> Расходы на выплаты персоналу государственных (муниципальных) органов | B27: 924 | C27: 01 | D27: 04 | E27: 65 | F27: 2 | G27: 00 | H27: 44205 | I27: 120 | J27: 237.2
A28: Расходы на обеспечение функций органов местного самоуправления | B28: 924 | C28: 01 | D28: 04 | E28: 65 | F28: 2 | G28: 00 | H28: 41120 | J28: =+J29+J31 -> 243.4 | K28: =+K29+K31 -> 95 | L28: =+L29+L31 -> 95
A29: Закупка товаров, работ и услуг для обеспечения государственных (муниципальных) нужд | B29: 924 | C29: 01 | D29: 04 | E29: 65 | F29: 2 | G29: 00 | H29: 41120 | I29: 200 | J29: =J30 -> 242.9 | K29: =K30 -> 90 | L29: =L30 -> 90
A30: Иные закупки товаров, работ и услуг для обеспечения государственных (муниципальных) нужд | B30: 924 | C30: 01 | D30: 04 | E30: 65 | F30: 2 | G30: 00 | H30: 41120 | I30: 240 | J30: 242.9 | K30: 90 | L30: 90
A31: Иные бюджетные ассигнования | B31: 924 | C31: 01 | D31: 04 | E31: 65 | F31: 2 | G31: 00 | H31: 41120 | I31: 800 | J31: =J32 -> 0.5 | K31: =K32 -> 5 | L31: =L32 -> 5
A32: Уплата налогов, сборов и иных платежей | B32: 924 | C32: 01 | D32: 04 | E32: 65 | F32: 2 | G32: 00 | H32: 41120 | I32: 850 | J32: 0.5 | K32: 5 | L32: 5
A33: Непрограммные расходы главных распорядителей бюджетных средств Трофимовщинского сельского поселения Ромодановского муниципального района Республики Мордовия | B33: 924 | C33: 01 | D33: 04 | E33: 89 | F33: 0 | J33: =J34 -> 0.2 | K33: =K34 -> 0.2 | L33: =L34 -> 0.2
A34: Непрограммные расходы в рамках обеспечения деятельности главных распорядителей бюджетных средств Трофимовщинского сельского поселения Ромодановского муниципального района Республики Мордовия | B34: 924 | C34: 01 | D34: 04 | E34: 89 | F34: 1 | J34: =J35 -> 0.2 | K34: =K35 -> 0.2 | L34: =L35 -> 0.2
A35: Осуществление государственных полномочий Республики Мордовия по определению перечня должностных лиц, уполномоченных составлять протоколы об административных правонарушениях, предусмотренных Законом Республики Мордовия от 15 июня 2015 года № 38-З "Об административной ответственности на территории Республики Мордовия" | B35: 924 | C35: 01 | D35: 04 | E35: 89 | F35: 1 | G35: 00 | H35: 77150 | J35: =J36 -> 0.2 | K35: =K36 -> 0.2 | L35: =L36 -> 0.2
A36: Закупка товаров, работ и услуг для обеспечения государственных (муниципальных) нужд | B36: 924 | C36: 01 | D36: 04 | E36: 89 | F36: 1 | G36: 00 | H36: 77150 | I36: 200 | J36: =J37 -> 0.2 | K36: =K37 -> 0.2 | L36: =L37 -> 0.2
A37: Иные закупки товаров, работ и услуг для обеспечения государственных (муниципальных) нужд | B37: 924 | C37: 01 | D37: 04 | E37: 89 | F37: 1 | G37: 00 | H37: 77150 | I37: 240 | J37: 0.2 | K37: 0.2 | L37: 0.2
A38: Резервные фонды | B38: 924 | C38: 01 | D38: 11 | J38: =J39 -> 0 | K38: =K39 -> 5 | L38: =L39 -> 5
A39: Непрограммные расходы главных распорядителей бюджетных средств Трофимовщинского сельского поселения Ромодановского муниципального района Республики Мордовия | B39: 924 | C39: 01 | D39: 11 | E39: 89 | F39: 0 | J39: =J40 -> 0 | K39: =K40 -> 5 | L39: =L40 -> 5
A40: Непрограммные расходы в рамках обеспечения деятельности главных распорядителей бюджетных средств Трофимовщинского сельского поселения Ромодановского муниципального района Республики Мордовия | B40: 924 | C40: 01 | D40: 11 | E40: 89 | F40: 1 | J40: =J41 -> 0 | K40: =K41 -> 5 | L40: =L41 -> 5
A41: Резервный фонд администрации Трофимовщинского сельского поселени Ромодановского муниципального района Республики Мордовия | B41: 924 | C41: 01 | D41: 11 | E41: 89 | F41: 1 | G41: 00 | H41: 41180 | J41: =J43 -> 0 | K41: =K43 -> 5 | L41: =L43 -> 5
A42: Иные бюджетные ассигнования | B42: 924 | C42: 01 | D42: 11 | E42: 89 | F42: 1 | G42: 00 | H42: 41180 | I42: 800 | J42: =J43 -> 0 | K42: =K43 -> 5 | L42: =L43 -> 5
A43: Резервные средства | B43: 924 | C43: 01 | D43: 11 | E43: 89 | F43: 1 | G43: 00 | H43: 41180 | I43: 870 | K43: 5 | L43: 5
A44: Национальная оборона | B44: 924 | C44: 02 | J44: =J45 -> 95.3 | K44: =K45 -> 92.8 | L44: =L45 -> 96
A45: Мобилизация и вневойсковая подготовка | B45: 924 | C45: 02 | D45: 03 | J45: =J46 -> 95.3 | K45: =K46 -> 92.8 | L45: =L46 -> 96
A46: Программа повышения эффективности управления государственными финансами в Республике Мордовия | B46: 924 | C46: 02 | D46: 03 | E46: 17 | F46: 0 | J46: =J47 -> 95.3 | K46: =K47 -> 92.8 | L46: =L47 -> 96
A47: Подпрограмма "Повышения эффективности межбюджетных отношений" | B47: 924 | C47: 02 | D47: 03 | E47: 17 | F47: 3 | J47: =J48 -> 95.3 | K47: =K48 -> 92.8 | L47: =L48 -> 96
A48: Основное мероприятие: "Обеспечение осуществления органами местного самоуправления отдельных государственных полномочий" | B48: 924 | C48: 02 | D48: 03 | E48: 17 | F48: 3 | G48: 02 | J48: =J49 -> 95.3 | K48: =K49 -> 92.8 | L48: =L49 -> 96
A49: Осуществление первичного воинского учета на территориях где отсутствуют военные комиссариаты | B49: 924 | C49: 02 | D49: 03 | E49: 17 | F49: 3 | G49: 02 | H49: 51180 | J49: =J52+J50 -> 95.3 | K49: =K52+K50 -> 92.8 | L49: =L52+L50 -> 96
A50: Расходы на выплаты персоналу в целях обеспечения выполнения функций государственными (муниципальными) органами, казенными учреждениями, органами управления государственными внебюджетными фондами | B50: 924 | C50: 02 | D50: 03 | E50: 17 | F50: 3 | G50: 02 | H50: 51180 | I50: 100 | J50: =J51 -> 91.9 | K50: =K51 -> 87.8 | L50: =L51 -> 91
A51: Расходы на выплаты персоналу государственных (муниципальных) органов | B51: 924 | C51: 02 | D51: 03 | E51: 17 | F51: 3 | G51: 02 | H51: 51180 | I51: 120 | J51: 91.9 | K51: 87.8 | L51: 91
A52: Закупка товаров, работ и услуг для обеспечения государственных (муниципальных) нужд | B52: 924 | C52: 02 | D52: 03 | E52: 17 | F52: 3 | G52: 02 | H52: 51180 | I52: 200 | J52: =J53 -> 3.4 | K52: =K53 -> 5 | L52: =L53 -> 5
A53: Иные закупки товаров, работ и услуг для обеспечения государственных (муниципальных) нужд | B53: 924 | C53: 02 | D53: 03 | E53: 17 | F53: 3 | G53: 02 | H53: 51180 | I53: 240 | J53: 3.4 | K53: 5 | L53: 5
A54: Национальная экономика | B54: 924 | C54: 04 | J54: =J55+J62 -> 652.6 | K54: =K55 -> 221.5 | L54: =L55 -> 221.5
A55: Дорожное хозяйство (дорожные фонды) | B55: 924 | C55: 04 | D55: 09 | J55: =J56 -> 295.6 | K55: =K56 -> 221.5 | L55: =L56 -> 221.5
A56: Программа «Комплексного развития транспортной инфраструктуры Трофимовщинского сельского поселения Ромодановского муниципального района Республики Мордовия на 2018- 2030 года" | B56: 924 | C56: 04 | D56: 09 | E56: 10 | F56: 0 | J56: =J59 -> 295.6 | K56: =K59 -> 221.5 | L56: =L59 -> 221.5
A57: Подпрограмма «Комплексного развития транспортной инфраструктуры Трофимовщинского сельского поселения Ромодановского муниципального района Республики Мордовия на 2018- 2030 года" | B57: 924 | C57: 04 | D57: 09 | E57: 10 | F57: 02 | J57: =J58 -> 295.6 | K57: =K58 -> 221.5 | L57: =L58 -> 221.5
A58: Основное мероприятие "Ремонт и содержание автомобильных дорог общего пользования в границах поселения, поддержание дорожного полотна в работоспособном состоянии" | B58: 924 | C58: 04 | D58: 09 | E58: 10 | F58: 02 | G58: 04 | J58: =J59 -> 295.6 | K58: =K59 -> 221.5 | L58: =L59 -> 221.5
A59: осуществление полномочий по дорожной деятельности в отношении автомобильных дорог местного значения в границах населенных пунктов поселения и обеспечению безопасности дорожного движения на них, включая создание и обеспечение функционирования парковок (парковочных мест), осуществлению муниципального контроля за сохранностью автомобильных дорог местного значения в границах населенных пунктов поселения, организации дорожного движения, а также осуществлению иных полномочий в области использования автомобильных дорог и осуществления дорожной деятельности в соответствии с законодательством Российской Федерации | B59: 924 | C59: 04 | D59: 09 | E59: 10 | F59: 02 | G59: 04 | H59: 44102 | J59: =J60 -> 295.6 | K59: =K60 -> 221.5 | L59: =L60 -> 221.5
A60: Закупка товаров, работ и услуг для обеспечения государственных (муниципальных) нужд | B60: 924 | C60: 04 | D60: 09 | E60: 10 | F60: 02 | G60: 04 | H60: 44102 | I60: 200 | J60: =J61 -> 295.6 | K60: =K61 -> 221.5 | L60: =L61 -> 221.5
A61: Иные закупки товаров, работ и услуг для обеспечения государственных (муниципальных) нужд | B61: 924 | C61: 04 | D61: 09 | E61: 10 | F61: 02 | G61: 04 | H61: 44102 | I61: 240 | J61: 295.6 | K61: 221.5 | L61: 221.5
A62: Другие вопросы в области национальной экономики | B62: 924 | C62: 04 | D62: 12 | J62: =J63 -> 357
A63: Непрограммные расходы главных распорядителей бюджетных средств Кочуновского сельского поселения Ромодановского муниципального района Республики Мордовия | B63: 924 | C63: 04 | D63: 12 | E63: 89 | F63: 0 | J63: =J64 -> 357
A64: Непрограммные расходы в рамках обеспечения деятельности главных распорядителей бюджетных средств Кочуновского сельского поселенияРомодановского муниципального района Республики Мордовия | B64: 924 | C64: 04 | D64: 12 | E64: 89 | F64: 1 | G64: 00 | J64: =J65 -> 357
A65: Иные межбюджетные трансферты на осуществление полномочий по утверждению генеральных планов поселения, правил землепользования и застройки, утверждению подготовленной на основе генеральных планов поселения дркументации по планировке территории, выдаче градостроительного плана земельного участка, расположенного в границах поселения ,выдаче разрешений на строительство. | B65: 924 | C65: 04 | D65: 12 | E65: 89 | F65: 1 | G65: 00 | H65: 44107 | J65: =J66 -> 357
A66: =A60 -> Закупка товаров, работ и услуг для обеспечения государственных (муниципальных) нужд | B66: 924 | C66: 04 | D66: 12 | E66: 89 | F66: 1 | G66: 00 | H66: 44107 | I66: 200 | J66: =J67 -> 357
A67: =A61 -> Иные закупки товаров, работ и услуг для обеспечения государственных (муниципальных) нужд | B67: 924 | C67: 04 | D67: 12 | E67: 89 | F67: 1 | G67: 00 | H67: 44107 | I67: 240 | J67: 357
A68: Жилищно-коммунальное хозяйство | B68: 924 | C68: 05 | J68: =J75+J70 -> 79 | K68: =K75 -> 35 | L68: =L75 -> 35
A69: Коммунальное хозяйство | B69: 924 | C69: 05 | D69: 02 | J69: =J70 -> 54
A70: Муниципальная программа "Энергосбережение и повышение энергетической эффетивности в Ромодановсом муниципальном районе" | B70: 924 | C70: 05 | D70: 02 | E70: 12 | F70: 00 | J70: =J71 -> 54
A71: Основное мероприятие"Субсидирование оформления прав собственности на бесхозяйные объекты инженерной инфраструктуры" | B71: 924 | C71: 05 | D71: 02 | E71: 12 | F71: 00 | G71: 1 | J71: =J72 -> 54
A72: Оформление прав собственности на бесхозяйные объекты недвижимого имущества, используемые для передачи энергетических ресурсов | B72: 924 | C72: 05 | D72: 02 | E72: 12 | F72: 00 | G72: 1 | H72: S6140 | J72: =J73 -> 54
A73: =A80 -> Закупка товаров, работ и услуг для обеспечения государственных (муниципальных) нужд | B73: 924 | C73: 05 | D73: 02 | E73: 12 | F73: 00 | G73: 1 | H73: S6140 | I73: 200 | J73: =J74 -> 54
A74: =A81 -> Иные закупки товаров, работ и услуг для обеспечения государственных (муниципальных) нужд | B74: 924 | C74: 05 | D74: 02 | E74: 12 | F74: 00 | G74: 1 | H74: S6140 | I74: 240 | J74: 54
A75: Благоустройство | B75: 924 | C75: 05 | D75: 03 | J75: =J76 -> 25 | K75: =K76 -> 35 | L75: =L76 -> 35
A76: Программа комплексного развития коммунальной инфраструктуры Трофимовщинского сельского поселения Ромодановского муниципального района Республики Мордовия на 2018-2030 года | B76: 924 | C76: 05 | D76: 03 | E76: 10 | F76: 0 | J76: =J77 -> 25 | K76: =K77 -> 35 | L76: =L77 -> 35
A77: Подпрограмма комплексного развития коммунальной инфраструктуры Трофимовщинского сельского поселения Ромодановского муниципального района Республики Мордовия на 2018-2030 года | B77: 924 | C77: 05 | D77: 03 | E77: 10 | F77: 1 | J77: =J78 -> 25 | K77: =K78 -> 35 | L77: =L78 -> 35
A78: Основное мероприятие "Благоустройство территории" | B78: 924 | C78: 05 | D78: 03 | E78: 10 | F78: 1 | G78: 07 | H78: 43000 | J78: =J79 -> 25 | K78: =K79 -> 35 | L78: =L79 -> 35
A79: Уличное освещение | B79: 924 | C79: 05 | D79: 03 | E79: 10 | F79: 1 | G79: 07 | H79: 43010 | J79: =J80 -> 25 | K79: =K80 -> 35 | L79: =L80 -> 35
A80: Закупка товаров, работ и услуг для обеспечения государственных (муниципальных) нужд | B80: 924 | C80: 05 | D80: 03 | E80: 10 | F80: 1 | G80: 07 | H80: 43010 | I80: 200 | J80: =J81 -> 25 | K80: 35 | L80: 35
A81: Иные закупки товаров, работ и услуг для обеспечения государственных (муниципальных) нужд | B81: 924 | C81: 05 | D81: 03 | E81: 10 | F81: 1 | G81: 07 | H81: 43010 | I81: 240 | J81: 25 | K81: =K80 -> 35 | L81: =L80 -> 35
A82: Социальная политика | B82: 924 | C82: 10 | J82: =J84 -> 196.1 | K82: =K84 -> 172.5 | L82: =L84 -> 172.5
A83: Пенсионное обеспечение | B83: 924 | C83: 10 | D83: 01
A84: Непрограммные расходы главных распорядителей бюджетных средств Трофимовщинского сельского поселения Ромодановского муниципального района Республики Мордовия | B84: 924 | C84: 10 | D84: 01 | E84: 89 | F84: 0 | J84: =J85 -> 196.1 | K84: =K85 -> 172.5 | L84: =L85 -> 172.5
A85: Непрограммные расходы в рамках обеспечения деятельности главных распорядителей бюджетных средств Трофимовщинского сельского поселения Ромодановского муниципального района Республики Мордовия | B85: 924 | C85: 10 | D85: 01 | E85: 89 | F85: 1 | J85: =J86 -> 196.1 | K85: =K86 -> 172.5 | L85: =L86 -> 172.5
A86: Доплаты к пенсиям муниципальных служащих Республики Мордовия | B86: 924 | C86: 10 | D86: 01 | E86: 89 | F86: 1 | G86: 00 | H86: 03010 | J86: =J87 -> 196.1 | K86: =K87 -> 172.5 | L86: =L87 -> 172.5
A87: Социальное обеспечение и иные выплаты населению | B87: 924 | C87: 10 | D87: 01 | E87: 89 | F87: 1 | G87: 00 | H87: 03010 | I87: 300 | J87: =J88 -> 196.1 | K87: =K88 -> 172.5 | L87: =L88 -> 172.5
A88: Публичные нормативные социальные выплаты гражданам | B88: 924 | C88: 10 | D88: 01 | E88: 89 | F88: 1 | G88: 00 | H88: 03010 | I88: 310 | J88: 196.1 | K88: 172.5 | L88: 172.5
A89: Условно утвержденные расходы | B89: 924 | C89: 99 | K89: =K90 -> 28 | L89: =L90 -> 56.7
A90: Условно утвержденные расходы | B90: 924 | C90: 99 | D90: 99 | K90: =K91 -> 28 | L90: =L91 -> 56.7
A91: обеспечение деятельности администрации | B91: 924 | C91: 99 | D91: 99 | E91: 65 | F91: 0 | K91: =K92 -> 28 | L91: =L92 -> 56.7
A92: Высшее должностное лицо | B92: 924 | C92: 99 | D92: 99 | E92: 65 | F92: 1 | K92: =K93 -> 28 | L92: =L93 -> 56.7
A93: Условно утвержденные расходы | B93: 924 | C93: 99 | D93: 99 | E93: 65 | F93: 1 | G93: 00 | H93: 41990 | K93: =K94 -> 28 | L93: =L94 -> 56.7
A94: Иные бюджетные ассигнования | B94: 924 | C94: 99 | D94: 99 | E94: 65 | F94: 1 | G94: 00 | H94: 41990 | I94: 800 | K94: =K95 -> 28 | L94: =L95 -> 56.7
A95: Резервные средства | B95: 924 | C95: 99 | D95: 99 | E95: 65 | F95: 1 | G95: 00 | H95: 41990 | I95: 870 | K95: 28 | L95: 56.7

Sheet Приложение 3
H1: Приложение 3 к решению Совета депутатов Трофимовщинского сельского поселения Ромодановского муниципального района Республики Мордовия «О бюджете Трофимовщинского сельского поселения Ромодановского муниципального района Республики Мордовия на 2022 год и на плановый период 2023 и 2024 годов»от 29.12.2021г№14
A2: РАСПРЕДЕЛЕНИЕ БЮДЖЕТНЫХ АССИГНОВАНИЙ БЮДЖЕТА ТРОФИМОВЩИНСКОГО СЕЛЬСКОГО ПОСЕЛЕНИЯ РОМОДАНОВСКОГО МУНИЦИПАЛЬНОГО РАЙОНА РЕСПУБЛИКИ МОРДОВИЯ ПО РАЗДЕЛАМ, ПОДРАЗДЕЛАМ, ЦЕЛЕВЫМ СТАТЬЯМ (МУНИЦИПАЛЬНЫМ ПРОГРАММАМ И НЕПРОГРАММНЫМ НАПРАВЛЕНИЯМ ДЕЯТЕЛЬНОСТИ), ГРУППАМ И ПОДГРУППАМ ВИДОВ РАСХОДОВ КЛАССИФИКАЦИИ РАСХОДОВ БЮДЖЕТОВ НА 2022 ГОД И НА ПЛАНОВЫЙ ПЕРИОД 2023 И 2024 ГОДОВ
A3: Наименование | H3: (тыс. рублей)
B4: Рз | C4: Прз | D4: Цср | H4: Вр | I4: Сумма
A5: 1 | I5: 2022 год | J5: 2023 год | K5: 2024 год
B6: 2 | C6: 3 | D6: 4 | E6: 5 | F6: 6 | G6: 7 | H6: 8 | I6: 9 | J6: 10 | K6: 11
A7: ВСЕГО | I7: =I8+I43+I53+I67+I81 -> 2493.1 | J7: =J8+J43+J53+J67+J81+J88 -> 1213.2 | K7: =K8+K43+K53+K67+K81+K88 -> 1230.5
A8: Общегосударственные вопросы | B8: 01 | I8: =I9+I18+I37 -> 1470.1 | J8: =J9+J18+J37 -> 663.4 | K8: =K9+K18+K37 -> 648.8
A9: Функционирование высшего должностного лица субъекта Российской Федерации и муниципального образования | B9: 01 | C9: 02 | I9: =I10+I15 -> 454.1 | J9: =J10 -> 203.3 | K9: =K10 -> 181.6
A10: Обеспечение деятельности аппарата Администрации | B10: 01 | C10: 02 | D10: 65 | E10: 0 | I10: =I11 -> 337.1 | J10: =J11 -> 203.3 | K10: =K11 -> 181.6
A11: Высшее должностное лицо | B11: 01 | C11: 02 | D11: 65 | E11: 1 | I11: =I12 -> 337.1 | J11: =J12 -> 203.3 | K11: =K12 -> 181.6
A12: Расходы на выплаты по оплате труда высшего должностного лица | B12: 01 | C12: 02 | D12: 65 | E12: 1 | F12: 00 | G12: 41150 | I12: =I13 -> 337.1 | J12: =J13 -> 203.3 | K12: =K13 -> 181.6
A13: Расходы на выплаты персоналу в целях обеспечения выполнения функций государственными (муниципальными) органами, казенными учреждениями, органами управления государственными внебюджетными фондами | B13: 01 | C13: 02 | D13: 65 | E13: 1 | F13: 00 | G13: 41150 | H13: 100 | I13: =I14 -> 337.1 | J13: =J14 -> 203.3 | K13: =K14 -> 181.6
A14: Расходы на выплаты персоналу государственных (муниципальных) органов | B14: 01 | C14: 02 | D14: 65 | E14: 1 | F14: 00 | G14: 41150 | H14: 120 | I14: ='Приложение 2'!J15 -> 337.1 | J14: ='Приложение 2'!K15 -> 203.3 | K14: ='Приложение 2'!L15 -> 181.6
A15: ='Приложение 2'!A16 -> Субсидии на софинансирование расходных обязательств по финансовому обеспечению деятельности органов местного самоуправления и муниципальных учреждений | B15: 01 | C15: 02 | D15: 65 | E15: 1 | F15: 00 | G15: 44205 | I15: =I16 -> 117
A16: ='Приложение 2'!A17 -> Расходы на выплаты персоналу в целях обеспечения выполнения функций государственными (муниципальными) органами, казенными учреждениями, органами управления государственными внебюджетными фондами | B16: 01 | C16: 02 | D16: 65 | E16: 1 | F16: 00 | G16: 44205 | H16: 100 | I16: =I17 -> 117
A17: ='Приложение 2'!A18 -> Расходы на выплаты персоналу государственных (муниципальных) органов | B17: 01 | C17: 02 | D17: 65 | E17: 1 | F17: 00 | G17: 44205 | H17: 120 | I17: ='Приложение 2'!J18 -> 117
A18: Функционирование Правительства Российской Федерации, высших исполнительных органов государственной власти субъектов Российской Федерации, местных администраций | B18: 01 | C18: 04 | I18: =I19+I32+I24 -> 1016 | J18: =J19+J32 -> 455.1 | K18: =K19+K32 -> 462.2
A19: Обеспечение деятельности аппарата Администрации | B19: 01 | C19: 04 | D19: 65 | E19: 0 | I19: =I20 -> 778.6 | J19: =J20 -> 454.9 | K19: =K20 -> 462
A20: Непрограмные расходы в рамках обеспечение деятельности Администраци | B20: 01 | C20: 04 | D20: 65 | E20: 2 | I20: =I21+I27 -> 778.6 | J20: =J21+J27 -> 454.9 | K20: =K21+K27 -> 462
A21: Расходы на выплаты по оплате труда работников органов местного самоуправления | B21: 01 | C21: 04 | D21: 65 | E21: 2 | F21: 00 | G21: 41110 | I21: =I22 -> 535.2 | J21: =J22 -> 359.9 | K21: =K22 -> 367
A22: Расходы на выплаты персоналу в целях обеспечения выполнения функций государственными (муниципальными) органами, казенными учреждениями, органами управления государственными внебюджетными фондами | B22: 01 | C22: 04 | D22: 65 | E22: 2 | F22: 00 | G22: 41110 | H22: 100 | I22: =I23 -> 535.2 | J22: =J23 -> 359.9 | K22: =K23 -> 367
A23: Расходы на выплаты персоналу государственных (муниципальных) органов | B23: 01 | C23: 04 | D23: 65 | E23: 2 | F23: 00 | G23: 41110 | H23: 120 | I23: ='Приложение 2'!J24 -> 535.2 | J23: ='Приложение 2'!K24 -> 359.9 | K23: ='Приложение 2'!L24 -> 367
A24: ='Приложение 2'!A16 -> Субсидии на софинансирование расходных обязательств по финансовому обеспечению деятельности органов местного самоуправления и муниципальных учреждений | B24: 01 | C24: 04 | D24: 65 | E24: 2 | F24: 00 | G24: 44205 | I24: =I25 -> 237.2
A25: ='Приложение 2'!A17 -> Расходы на выплаты персоналу в целях обеспечения выполнения функций государственными (муниципальными) органами, казенными учреждениями, органами управления государственными внебюджетными фондами | B25: 01 | C25: 04 | D25: 65 | E25: 2 | F25: 00 | G25: 44205 | H25: 100 | I25: =I26 -> 237.2
A26: ='Приложение 2'!A18 -> Расходы на выплаты персоналу государственных (муниципальных) органов | B26: 01 | C26: 04 | D26: 65 | E26: 2 | F26: 00 | G26: 44205 | H26: 120 | I26: ='Приложение 2'!J27 -> 237.2
A27: Расходы на обеспечение функций органов местного самоуправления | B27: 01 | C27: 04 | D27: 65 | E27: 2 | F27: 00 | G27: 41120 | I27: =+I28+I30 -> 243.4 | J27: =+J28+J30 -> 95 | K27: =+K28+K30 -> 95
A28: Закупка товаров, работ и услуг для обеспечения государственных (муниципальных) нужд | B28: 01 | C28: 04 | D28: 65 | E28: 2 | F28: 00 | G28: 41120 | H28: 200 | I28: =I29 -> 242.9 | J28: =J29 -> 90 | K28: =K29 -> 90
A29: Иные закупки товаров, работ и услуг для обеспечения государственных (муниципальных) нужд | B29: 01 | C29: 04 | D29: 65 | E29: 2 | F29: 00 | G29: 41120 | H29: 240 | I29: ='Приложение 2'!J30 -> 242.9 | J29: ='Приложение 2'!K30 -> 90 | K29: ='Приложение 2'!L30 -> 90
A30: Иные бюджетные ассигнования | B30: 01 | C30: 04 | D30: 65 | E30: 2 | F30: 00 | G30: 41120 | H30: 800 | I30: =I31 -> 0.5 | J30: =J31 -> 5 | K30: =K31 -> 5
A31: Уплата налогов, сборов и иных платежей | B31: 01 | C31: 04 | D31: 65 | E31: 2 | F31: 00 | G31: 41120 | H31: 850 | I31: ='Приложение 2'!J32 -> 0.5 | J31: ='Приложение 2'!K32 -> 5 | K31: ='Приложение 2'!L32 -> 5
A32: Непрограммные расходы главных распорядителей бюджетных средств Трофимовщинского сельского поселения Ромодановского муниципального района Республики Мордовия | B32: 01 | C32: 04 | D32: 89 | E32: 0 | I32: =I33 -> 0.2 | J32: =J33 -> 0.2 | K32: =K33 -> 0.2
A33: Непрограммные расходы в рамках обеспечения деятельности главных распорядителей бюджетных средств Трофимовщинского сельского поселения Ромодановского муниципального района Республики Мордовия | B33: 01 | C33: 04 | D33: 89 | E33: 1 | I33: =I34 -> 0.2 | J33: =J34 -> 0.2 | K33: =K34 -> 0.2
A34: Осуществление государственных полномочий Республики Мордовия по определению перечня должностных лиц, уполномоченных составлять протоколы об административных правонарушениях, предусмотренных Законом Республики Мордовия от 15 июня 2015 года № 38-З "Об административной ответственности на территории Республики Мордовия" | B34: 01 | C34: 04 | D34: 89 | E34: 1 | F34: 00 | G34: 77150 | I34: =I35 -> 0.2 | J34: =J35 -> 0.2 | K34: =K35 -> 0.2
A35: Закупка товаров, работ и услуг для обеспечения государственных (муниципальных) нужд | B35: 01 | C35: 04 | D35: 89 | E35: 1 | F35: 00 | G35: 77150 | H35: 200 | I35: =I36 -> 0.2 | J35: =J36 -> 0.2 | K35: =K36 -> 0.2
A36: Иные закупки товаров, работ и услуг для обеспечения государственных (муниципальных) нужд | B36: 01 | C36: 04 | D36: 89 | E36: 1 | F36: 00 | G36: 77150 | H36: 240 | I36: ='Приложение 2'!J37 -> 0.2 | J36: ='Приложение 2'!K37 -> 0.2 | K36: ='Приложение 2'!L37 -> 0.2
A37: Резервные фонды | B37: 01 | C37: 11 | I37: =I38 -> 0 | J37: =J38 -> 5 | K37: =K38 -> 5
A38: Непрограммные расходы главных распорядителей бюджетных средств Трофимовщинского сельского поселения Ромодановского муниципального района Республики Мордовия | B38: 01 | C38: 11 | D38: 89 | E38: 0 | I38: =I39 -> 0 | J38: =J39 -> 5 | K38: =K39 -> 5
A39: Непрограммные расходы в рамках обеспечения деятельности главных распорядителей бюджетных средств Трофимовщинского сельского поселения Ромодановского муниципального района Республики Мордовия | B39: 01 | C39: 11 | D39: 89 | E39: 1 | I39: =I40 -> 0 | J39: =J40 -> 5 | K39: =K40 -> 5
A40: Резервный фонд Администрации Трофимовщинского сельского поселени Ромодановского муниципального района Республики Мордовия | B40: 01 | C40: 11 | D40: 89 | E40: 1 | F40: 00 | G40: 41180 | I40: =I42 -> 0 | J40: =J42 -> 5 | K40: =K42 -> 5
A41: Иные бюджетные ассигнования | B41: 01 | C41: 11 | D41: 89 | E41: 1 | F41: 00 | G41: 41180 | H41: 800 | I41: =I42 -> 0 | J41: =J42 -> 5 | K41: =K42 -> 5
A42: Резервные средства | B42: 01 | C42: 11 | D42: 89 | E42: 1 | F42: 00 | G42: 41180 | H42: 870 | I42: ='Приложение 2'!J43 -> 0 | J42: ='Приложение 2'!K43 -> 5 | K42: ='Приложение 2'!L43 -> 5
A43: Национальная оборона | B43: 02 | I43: =I44 -> 95.3 | J43: =J44 -> 92.8 | K43: =K44 -> 96
A44: Мобилизация и вневойсковая подготовка | B44: 02 | C44: 03 | I44: =I45 -> 95.3 | J44: =J45 -> 92.8 | K44: =K45 -> 96
A45: Программа повышения эффективности управления государственными финансами в Республике Мордовия | B45: 02 | C45: 03 | D45: 17 | E45: 0 | I45: =I46 -> 95.3 | J45: =J46 -> 92.8 | K45: =K46 -> 96
A46: Подпрограмма "Повышения эффективности межбюджетных отношений" | B46: 02 | C46: 03 | D46: 17 | E46: 3 | I46: =I47 -> 95.3 | J46: =J47 -> 92.8 | K46: =K47 -> 96
A47: Основное мероприятие: "Обеспечение осуществления органами местного самоуправления отдельных государственных полномочий" | B47: 02 | C47: 03 | D47: 17 | E47: 3 | F47: 02 | I47: =I48 -> 95.3 | J47: =J48 -> 92.8 | K47: =K48 -> 96
A48: Осуществление первичного воинского учета на территориях где отсутствуют военные комиссариаты | B48: 02 | C48: 03 | D48: 17 | E48: 3 | F48: 02 | G48: 51180 | I48: =I51+I49 -> 95.3 | J48: =J51+J49 -> 92.8 | K48: =K51+K49 -> 96
A49: Расходы на выплаты персоналу в целях обеспечения выполнения функций государственными (муниципальными) органами, казенными учреждениями, органами управления государственными внебюджетными фондами | B49: 02 | C49: 03 | D49: 17 | E49: 3 | F49: 02 | G49: 51180 | H49: 100 | I49: =I50 -> 91.9 | J49: =J50 -> 87.8 | K49: =K50 -> 91
A50: Расходы на выплаты персоналу государственных (муниципальных) органов | B50: 02 | C50: 03 | D50: 17 | E50: 3 | F50: 02 | G50: 51180 | H50: 120 | I50: ='Приложение 2'!J51 -> 91.9 | J50: ='Приложение 2'!K51 -> 87.8 | K50: ='Приложение 2'!L51 -> 91
A51: Закупка товаров, работ и услуг для обеспечения государственных (муниципальных) нужд | B51: 02 | C51: 03 | D51: 17 | E51: 3 | F51: 02 | G51: 51180 | H51: 200 | I51: =I52 -> 3.4 | J51: =J52 -> 5 | K51: =K52 -> 5
A52: Иные закупки товаров, работ и услуг для обеспечения государственных (муниципальных) нужд | B52: 02 | C52: 03 | D52: 17 | E52: 3 | F52: 02 | G52: 51180 | H52: 240 | I52: ='Приложение 2'!J53 -> 3.4 | J52: ='Приложение 2'!K53 -> 5 | K52: ='Приложение 2'!L53 -> 5
A53: Национальная экономика | B53: 04 | I53: =I54+I61 -> 652.6 | J53: =J54 -> 221.5 | K53: =K54 -> 221.5
A54: Дорожное хозяйство (дорожные фонды) | B54: 04 | C54: 09 | I54: =I55 -> 295.6 | J54: =J55 -> 221.5 | K54: =K55 -> 221.5
A55: Программа "Комплексного развития транспортной инфраструктуры Трофимовщинского сельского поселения Ромодановского муниципального района Республики Мордовия на 2018- 2030 года" | B55: 04 | C55: 09 | D55: 10 | E55: 0 | I55: =I56 -> 295.6 | J55: =J56 -> 221.5 | K55: =K56 -> 221.5
A56: ='Приложение 2'!A57 -> Подпрограмма «Комплексного развития транспортной инфраструктуры Трофимовщинского сельского поселения Ромодановского муниципального района Республики Мордовия на 2018- 2030 года" | B56: 04 | C56: 09 | D56: 10 | E56: 1 | I56: =I57 -> 295.6 | J56: =J57 -> 221.5 | K56: =K57 -> 221.5
A57: Основное мероприятие "Ремонт и содержание автомобильных дорог общего пользования в границах поселения, поддержание дорожного полотна в работоспособном состоянии" | B57: 04 | C57: 09 | D57: 10 | E57: 1 | F57: 02 | I57: =I58 -> 295.6 | J57: =J58 -> 221.5 | K57: =K58 -> 221.5
A58: осуществление полномочий по дорожной деятельности в отношении автомобильных дорог местного значения в границах населенных пунктов поселения и обеспечению безопасности дорожного движения на них, включая создание и обеспечение функционирования парковок (парковочных мест), осуществлению муниципального контроля за сохранностью автомобильных дорог местного значения в границах населенных пунктов поселения, организации дорожного движения, а также осуществлению иных полномочий в области использования автомобильных дорог и осуществления дорожной деятельности в соответствии с законодательством Российской Федерации | B58: 04 | C58: 09 | D58: 10 | E58: 1 | F58: 02 | G58: 44102 | I58: =I59 -> 295.6 | J58: =J59 -> 221.5 | K58: =K59 -> 221.5
A59: Закупка товаров, работ и услуг для обеспечения государственных (муниципальных) нужд | B59: 04 | C59: 09 | D59: 10 | E59: 1 | F59: 02 | G59: 44102 | H59: 200 | I59: =I60 -> 295.6 | J59: =J60 -> 221.5 | K59: =K60 -> 221.5
A60: Иные закупки товаров, работ и услуг для обеспечения государственных (муниципальных) нужд | B60: 04 | C60: 09 | D60: 10 | E60: 1 | F60: 02 | G60: 44102 | H60: 240 | I60: ='Приложение 2'!J61 -> 295.6 | J60: ='Приложение 2'!K61 -> 221.5 | K60: ='Приложение 2'!L61 -> 221.5
A61: ='Приложение 2'!A62 -> Другие вопросы в области национальной экономики | B61: 04 | C61: 12 | I61: =I62 -> 357
A62: ='Приложение 2'!A63 -> Непрограммные расходы главных распорядителей бюджетных средств Кочуновского сельского поселения Ромодановского муниципального района Республики Мордовия | B62: 04 | C62: 12 | D62: 89 | E62: 0 | I62: =I63 -> 357
A63: ='Приложение 2'!A64 -> Непрограммные расходы в рамках обеспечения деятельности главных распорядителей бюджетных средств Кочуновского сельского поселенияРомодановского муниципального района Республики Мордовия | B63: 04 | C63: 12 | D63: 89 | E63: 1 | F63: 00 | I63: =I64 -> 357
A64: ='Приложение 2'!A65 -> Иные межбюджетные трансферты на осуществление полномочий по утверждению генеральных планов поселения, правил землепользования и застройки, утверждению подготовленной на основе генеральных планов поселения дркументации по планировке территории, выдаче градостроительного плана земельного участка, расположенного в границах поселения ,выдаче разрешений на строительство. | B64: 04 | C64: 12 | D64: 89 | E64: 1 | F64: 00 | G64: 44107 | I64: =I65 -> 357
A65: ='Приложение 2'!A66 -> Закупка товаров, работ и услуг для обеспечения государственных (муниципальных) нужд | B65: 04 | C65: 12 | D65: 89 | E65: 1 | F65: 00 | G65: 44107 | H65: 200 | I65: =I66 -> 357
A66: ='Приложение 2'!A67 -> Иные закупки товаров, работ и услуг для обеспечения государственных (муниципальных) нужд | B66: 04 | C66: 12 | D66: 89 | E66: 1 | F66: 00 | G66: 44107 | H66: 240 | I66: 357
A67: Жилищно-коммунальное хозяйство | B67: 05 | I67: =I74+I68 -> 79 | J67: =J74 -> 35 | K67: =K74 -> 35
A68: ='Приложение 2'!A69 -> Коммунальное хозяйство | B68: 05 | C68: 02 | I68: =I69 -> 54
A69: ='Приложение 2'!A70 -> Муниципальная программа "Энергосбережение и повышение энергетической эффетивности в Ромодановсом муниципальном районе" | B69: 05 | C69: 02 | D69: 12 | E69: 00 | I69: =I70 -> 54
A70: ='Приложение 2'!A71 -> Основное мероприятие"Субсидирование оформления прав собственности на бесхозяйные объекты инженерной инфраструктуры" | B70: 05 | C70: 02 | D70: 12 | E70: 00 | F70: 1 | I70: =I71 -> 54
A71: ='Приложение 2'!A72 -> Оформление прав собственности на бесхозяйные объекты недвижимого имущества, используемые для передачи энергетических ресурсов | B71: 05 | C71: 02 | D71: 12 | E71: 00 | F71: 1 | G71: S6140 | I71: =I72 -> 54
A72: ='Приложение 2'!A73 -> Закупка товаров, работ и услуг для обеспечения государственных (муниципальных) нужд | B72: 05 | C72: 02 | D72: 12 | E72: 00 | F72: 1 | G72: S6140 | H72: 200 | I72: =I73 -> 54
A73: ='Приложение 2'!A74 -> Иные закупки товаров, работ и услуг для обеспечения государственных (муниципальных) нужд | B73: 05 | C73: 02 | D73: 12 | E73: 00 | F73: 1 | G73: S6140 | H73: 240 | I73: 54
A74: Благоустройство | B74: 05 | C74: 03 | I74: =I75 -> 25 | J74: =J75 -> 35 | K74: =K75 -> 35
A75: Программа комплексного развития коммунальной инфраструктуры Трофимовщинского сельского поселения Ромодановского муниципального района Республики Мордовия на 2018-2030 года" | B75: 05 | C75: 03 | D75: 10 | E75: 0 | I75: =I76 -> 25 | J75: =J76 -> 35 | K75: =K76 -> 35
A76: ='Приложение 2'!A77 -> Подпрограмма комплексного развития коммунальной инфраструктуры Трофимовщинского сельского поселения Ромодановского муниципального района Республики Мордовия на 2018-2030 года | B76: 05 | C76: 03 | D76: 10 | E76: 1 | I76: =I77 -> 25 | J76: =J77 -> 35 | K76: =K77 -> 35
A77: Основные мероприятия " благоустройство территории" | B77: 05 | C77: 03 | D77: 10 | E77: 1 | F77: 01 | I77: =I78 -> 25 | J77: =J78 -> 35 | K77: =K78 -> 35
A78: Уличное освещение | B78: 05 | C78: 03 | D78: 10 | E78: 1 | F78: 01 | G78: 43010 | I78: =I79 -> 25 | J78: =J79 -> 35 | K78: =K79 -> 35
A79: Закупка товаров, работ и услуг для обеспечения государственных (муниципальных) нужд | B79: 05 | C79: 03 | D79: 10 | E79: 1 | F79: 01 | G79: 43010 | H79: 200 | I79: =I80 -> 25 | J79: =J80 -> 35 | K79: =K80 -> 35
A80: Иные закупки товаров, работ и услуг для обеспечения государственных (муниципальных) нужд | B80: 05 | C80: 03 | D80: 10 | E80: 1 | F80: 01 | G80: 43010 | H80: 240 | I80: ='Приложение 2'!J80 -> 25 | J80: ='Приложение 2'!K80 -> 35 | K80: ='Приложение 2'!L80 -> 35
A81: Социальная политика | B81: 10 | I81: =I82 -> 196.1 | J81: =J82 -> 172.5 | K81: =K82 -> 172.5
A82: Пенсионное обеспечение | B82: 10 | C82: 01 | I82: =I83 -> 196.1 | J82: =J83 -> 172.5 | K82: =K83 -> 172.5
A83: Непрограммные расходы главных распорядителей бюджетных средств Трофимовщинского сельского поселения Ромодановского муниципального района Республики Мордовия | B83: 10 | C83: 01 | D83: 89 | E83: 0 | I83: =I84 -> 196.1 | J83: =J84 -> 172.5 | K83: =K84 -> 172.5
A84: Непрограммные расходы в рамках обеспечения деятельности главных распорядителей бюджетных средств Трофимовщинского сельского поселения Ромодановского муниципального района Республики Мордовия | B84: 10 | C84: 01 | D84: 89 | E84: 1 | I84: =I85 -> 196.1 | J84: =J85 -> 172.5 | K84: =K85 -> 172.5
A85: Доплаты к пенсиям муниципальных служащих Республики Мордовия | B85: 10 | C85: 01 | D85: 89 | E85: 1 | F85: 00 | G85: 03010 | I85: =I86 -> 196.1 | J85: =J86 -> 172.5 | K85: =K86 -> 172.5
A86: Социальное обеспечение и иные выплаты населению | B86: 10 | C86: 01 | D86: 89 | E86: 1 | F86: 00 | G86: 03010 | H86: 300 | I86: =I87 -> 196.1 | J86: =J87 -> 172.5 | K86: =K87 -> 172.5
A87: Публичные нормативные социальные выплаты гражданам | B87: 10 | C87: 01 | D87: 89 | E87: 1 | F87: 00 | G87: 03010 | H87: 310 | I87: ='Приложение 2'!J88 -> 196.1 | J87: ='Приложение 2'!K88 -> 172.5 | K87: ='Приложение 2'!L88 -> 172.5
A88: ='Приложение 2'!A90 -> Условно утвержденные расходы | B88: 99 | J88: ='Приложение 2'!K89 -> 28 | K88: ='Приложение 2'!L89 -> 56.7
A89: ='Приложение 2'!A90 -> Условно утвержденные расходы | B89: 99 | C89: 99 | J89: ='Приложение 2'!K90 -> 28 | K89: ='Приложение 2'!L90 -> 56.7
A90: ='Приложение 2'!A91 -> обеспечение деятельности администрации | B90: 99 | C90: 99 | D90: 65 | E90: 0 | J90: ='Приложение 2'!K91 -> 28 | K90: ='Приложение 2'!L91 -> 56.7
A91: ='Приложение 2'!A92 -> Высшее должностное лицо | B91: 99 | C91: 99 | D91: 65 | E91: 1 | F91: 00 | J91: ='Приложение 2'!K92 -> 28 | K91: ='Приложение 2'!L92 -> 56.7
A92: ='Приложение 2'!A93 -> Условно утвержденные расходы | B92: 99 | C92: 99 | D92: 65 | E92: 1 | F92: 00 | G92: 41990 | J92: ='Приложение 2'!K93 -> 28 | K92: ='Приложение 2'!L93 -> 56.7
A93: ='Приложение 2'!A94 -> Иные бюджетные ассигнования | B93: 99 | C93: 99 | D93: 65 | E93: 1 | F93: 00 | G93: 41990 | H93: 800 | J93: ='Приложение 2'!K94 -> 28 | K93: ='Приложение 2'!L94 -> 56.7
A94: ='Приложение 2'!A95 -> Резервные средства | B94: 99 | C94: 99 | D94: 65 | E94: 1 | F94: 00 | G94: 41990 | H94: 870 | J94: ='Приложение 2'!K95 -> 28 | K94: ='Приложение 2'!L95 -> 56.7

Sheet Приложение4
I1: Приложение 4 к решению Совета депутатов Трофимовщинского сельского поселения Ромодановского муниципального района Республики Мордовия «О бюджете Трофимовщинскогосельского поселения Ромодановского муниципального района Республики Мордовия на 2022 год и на плановый период 2023 и 2024 годов»от 29.12.2021г.№14
A2: РАСПРЕДЕЛЕНИЕ БЮДЖЕТНЫХ АССИГНОВАНИЙ БЮДЖЕТА ТРОФИМОВЩИНСКОГО СЕЛЬСКОГО ПОСЕЛЕНИЯ РОМОДАНОВСКОГО МУНИЦИПАЛЬНОГО РАЙОНА РЕСПУБЛИКИ МОРДОВИЯ ПО ЦЕЛЕВЫМ СТАТЬЯМ (МУНИЦИПАЛЬНЫМ ПРОГРАММАМ И НЕПРОГРАММНЫМ НАПРАВЛЕНИЯМ ДЕЯТЕЛЬНОСТИ), ГРУППАМ И ПОДГРУППАМ ВИДОВ РАСХОДОВ, РАЗДЕЛАМ И ПОДРАЗДЕЛАМ КЛАССИФИКАЦИИ РАСХОДОВ БЮДЖЕТОВ НА 2022 ГОД И НА ПЛАНОВЫЙ ПЕРИОД 2023 И 2024 ГОДОВ
I3: (тыс. рублей)
A4: Наименование | B4: Цср | F4: ВР | G4: Рз | H4: Прз | I4: Адм | J4: Сумма
J5: 2022 год | K5: 2023 год | L5: 2024 год
A6: 1 | B6: 2 | C6: 3 | D6: 4 | E6: 5 | F6: 6 | G6: 7 | H6: 8 | I6: 9 | J6: 10 | K6: 11 | L6: 12
A7: ВСЕГО | J7: =J8+J19+J34+J48+J82+J110+J92+J98+J26+J104 -> 2493.1 | K7: =K8+K19+K34+K48+K82+K110+K62+K92+K98 -> 1213.2 | L7: =L8+L19+L34+L48+L82+L110+L98+L92+L63 -> 1230.5
A8: Программа комплексного развития транспортной инфраструктуры Трофимовщинского сельского поселения Ромодановского муниципального района Республики Мордовия на 2018- 2030года" | B8: 10 | C8: 0 | J8: =J9 -> 295.6 | K8: =K9 -> 221.5 | L8: =L9 -> 221.5
A9: ='Приложение 2'!A57 -> Подпрограмма «Комплексного развития транспортной инфраструктуры Трофимовщинского сельского поселения Ромодановского муниципального района Республики Мордовия на 2018- 2030 года" | B9: 10 | C9: 1 | J9: =J10 -> 295.6 | K9: =K10 -> 221.5 | L9: =L10 -> 221.5
A10: Основное мероприятие "Ремонт и содержание автомобильных дорог общего пользования в границах поселения, поддержание дорожного полотна в работоспособном состоянии" | B10: 10 | C10: 1 | D10: 02 | J10: =J11 -> 295.6 | K10: =K11 -> 221.5 | L10: =L11 -> 221.5
A11: осуществление полномочий по дорожной деятельности в отношении автомобильных дорог местного значения в границах населенных пунктов поселения и обеспечению безопасности дорожного движения на них, включая создание и обеспечение функционирования парковок (парковочных мест), осуществлению муниципального контроля за сохранностью автомобильных дорог местного значения в границах населенных пунктов поселения, организации дорожного движения, а также осуществлению иных полномочий в области использования автомобильных дорог и осуществления дорожной деятельности в соответствии с законодательством Российской Федерации | B11: 10 | C11: 1 | D11: 02 | E11: 44102 | J11: =J12 -> 295.6 | K11: =K12 -> 221.5 | L11: =L12 -> 221.5
A12: Закупка товаров, работ и услуг для обеспечения государственных (муниципальных) нужд | B12: 10 | C12: 1 | D12: 02 | E12: 44102 | F12: 200 | J12: =J13 -> 295.6 | K12: =K13 -> 221.5 | L12: =L13 -> 221.5
A13: Иные закупки товаров, работ и услуг для обеспечения государственных (муниципальных) нужд | B13: 10 | C13: 1 | D13: 02 | E13: 44102 | F13: 240 | J13: =J14 -> 295.6 | K13: =K14 -> 221.5 | L13: =L14 -> 221.5
A14: Национальная экономика | B14: 10 | C14: 1 | D14: 02 | E14: 44102 | F14: 240 | G14: 04 | J14: =J15 -> 295.6 | K14: =K15 -> 221.5 | L14: =L15 -> 221.5
A15: Дорожное хозяйство | B15: 10 | C15: 1 | D15: 02 | E15: 44102 | F15: 240 | G15: 04 | H15: 09 | J15: =J16 -> 295.6 | K15: =K16 -> 221.5 | L15: =L16 -> 221.5
A16: Администрация Трофимовщинского сельского поселения Ромодановского муниципального района Республики Мордовия | B16: 10 | C16: 1 | D16: 02 | E16: 44102 | F16: 240 | G16: 04 | H16: 09 | I16: 924 | J16: ='Приложение 2'!J61 -> 295.6 | K16: ='Приложение 2'!K61 -> 221.5 | L16: ='Приложение 2'!L61 -> 221.5
A17: Программа комплексного развития коммунальной инфраструктуры Трофимовщинского сельского поселения Ромодановского муниципального района Республики Мордовия на 2018-2030 года" | B17: 10 | C17: 0 | J17: =J18 -> 25 | K17: =K18 -> 35 | L17: =L18 -> 35
A18: ='Приложение 2'!A77 -> Подпрограмма комплексного развития коммунальной инфраструктуры Трофимовщинского сельского поселения Ромодановского муниципального района Республики Мордовия на 2018-2030 года | B18: 10 | C18: 1 | J18: =J19 -> 25 | K18: =K19 -> 35 | L18: =L19 -> 35
A19: Основные мероприятия " благоустройство территории" | B19: 10 | C19: 1 | D19: 07 | J19: =J20 -> 25 | K19: =K20 -> 35 | L19: =L20 -> 35
A20: Уличное освещение | B20: 10 | C20: 1 | D20: 07 | E20: 43010 | J20: =J21 -> 25 | K20: =K21 -> 35 | L20: =L21 -> 35
A21: Закупка товаров, работ и услуг для обеспечения государственных (муниципальных) нужд | B21: 10 | C21: 1 | D21: 07 | E21: 43010 | F21: 200 | J21: =J22 -> 25 | K21: =K22 -> 35 | L21: =L22 -> 35
A22: Иные закупки товаров, работ и услуг для обеспечения государственных (муниципальных) нужд | B22: 10 | C22: 1 | D22: 07 | E22: 43010 | F22: 240 | J22: =J23 -> 25 | K22: =K23 -> 35 | L22: =L23 -> 35
A23: Жилищно-коммунальное хозяйство | B23: 10 | C23: 1 | D23: 07 | E23: 43010 | F23: 240 | G23: 05 | J23: =J24 -> 25 | K23: =K24 -> 35 | L23: =L24 -> 35
A24: Благоустройство | B24: 10 | C24: 1 | D24: 07 | E24: 43010 | F24: 240 | G24: 05 | H24: 03 | J24: =J25 -> 25 | K24: =K25 -> 35 | L24: =L25 -> 35
A25: Администрация Трофимовщинского сельского поселения Ромодановского муниципального района Республики Мордовия | B25: 10 | C25: 1 | D25: 07 | E25: 43010 | F25: 240 | G25: 05 | H25: 03 | I25: 924 | J25: ='Приложение 2'!J80 -> 25 | K25: ='Приложение 2'!K80 -> 35 | L25: ='Приложение 2'!L80 -> 35
A26: ='Приложение 2'!A70 -> Муниципальная программа "Энергосбережение и повышение энергетической эффетивности в Ромодановсом муниципальном районе" | B26: 12 | C26: 00 | J26: =J27 -> 54
A27: ='Приложение 2'!A71 -> Основное мероприятие"Субсидирование оформления прав собственности на бесхозяйные объекты инженерной инфраструктуры" | B27: 12 | C27: 00 | D27: 1 | J27: =J28 -> 54
A28: ='Приложение 2'!A72 -> Оформление прав собственности на бесхозяйные объекты недвижимого имущества, используемые для передачи энергетических ресурсов | B28: 12 | C28: 00 | D28: 1 | E28: S6140 | J28: =J29 -> 54
A29: ='Приложение 2'!A73 -> Закупка товаров, работ и услуг для обеспечения государственных (муниципальных) нужд | B29: 12 | C29: 00 | D29: 1 | E29: S6140 | F29: 200 | J29: =J30 -> 54
A30: ='Приложение 2'!A74 -> Иные закупки товаров, работ и услуг для обеспечения государственных (муниципальных) нужд | B30: 12 | C30: 00 | D30: 1 | E30: S6140 | F30: 240 | J30: =J31 -> 54
A31: ='Приложение 2'!A68 -> Жилищно-коммунальное хозяйство | B31: 12 | C31: 00 | D31: 1 | E31: S6140 | F31: 240 | G31: 05 | J31: =J32 -> 54
A32: ='Приложение 2'!A69 -> Коммунальное хозяйство | B32: 12 | C32: 00 | D32: 1 | E32: S6140 | F32: 240 | G32: 05 | H32: 02 | J32: =J33 -> 54
A33: =A25 -> Администрация Трофимовщинского сельского поселения Ромодановского муниципального района Республики Мордовия | B33: 12 | C33: 00 | D33: 1 | E33: S6140 | F33: 240 | G33: 05 | H33: 02 | I33: 924 | J33: ='Приложение 2'!J74 -> 54
A34: Программа повышения эффективности управления государственными финансами в Республике Мордовия | B34: 17 | C34: 0 | J34: =J35 -> 95.3 | K34: =K35 -> 92.8 | L34: =L35 -> 96
A35: Подпрограмма "Повышения эффективности межбюджетных отношений" | B35: 17 | C35: 3 | J35: =J36 -> 95.3 | K35: =K36 -> 92.8 | L35: =L36 -> 96
A36: Основное мероприятие: "Обеспечение осуществления органами местного самоуправления отдельных государственных полномочий" | B36: 17 | C36: 3 | D36: 02 | J36: =J37 -> 95.3 | K36: =K37 -> 92.8 | L36: =L37 -> 96
A37: Осуществление первичного воинского учета на территориях где отсутствуют военные комиссариаты | B37: 17 | C37: 3 | D37: 02 | E37: 51180 | J37: =J43+J38 -> 95.3 | K37: =K43+K38 -> 92.8 | L37: =L43+L38 -> 96
A38: Расходы на выплаты персоналу в целях обеспечения выполнения функций государственными (муниципальными) органами, казенными учреждениями, органами управления государственными внебюджетными фондами | B38: 17 | C38: 3 | D38: 02 | E38: 51180 | F38: 100 | J38: =J39 -> 91.9 | K38: =K39 -> 87.8 | L38: =L39 -> 91
A39: Расходы на выплаты персоналу государственных (муниципальных) органов | B39: 17 | C39: 3 | D39: 02 | E39: 51180 | F39: 120 | J39: =J40 -> 91.9 | K39: =K40 -> 87.8 | L39: =L40 -> 91
A40: Национальная оборона | B40: 17 | C40: 3 | D40: 02 | E40: 51180 | F40: 120 | G40: 02 | J40: =J41 -> 91.9 | K40: =K41 -> 87.8 | L40: =L41 -> 91
A41: Мобилизация и вневойсковая подготовка | B41: 17 | C41: 3 | D41: 02 | E41: 51180 | F41: 120 | G41: 02 | H41: 03 | J41: =J42 -> 91.9 | K41: =K42 -> 87.8 | L41: =L42 -> 91
A42: Администрация Трофимовщинского сельского поселения Ромодановского муниципального района Республики Мордовия | B42: 17 | C42: 3 | D42: 02 | E42: 51180 | F42: 120 | G42: 02 | H42: 03 | I42: 924 | J42: ='Приложение 2'!J51 -> 91.9 | K42: ='Приложение 2'!K51 -> 87.8 | L42: ='Приложение 2'!L51 -> 91
A43: Закупка товаров, работ и услуг для обеспечения государственных (муниципальных) нужд | B43: 17 | C43: 3 | D43: 02 | E43: 51180 | F43: 200 | J43: =J44 -> 3.4 | K43: =K44 -> 5 | L43: =L44 -> 5
A44: Иные закупки товаров, работ и услуг для обеспечения государственных (муниципальных) нужд | B44: 17 | C44: 3 | D44: 02 | E44: 51180 | F44: 240 | J44: =J45 -> 3.4 | K44: =K45 -> 5 | L44: =L45 -> 5
A45: Национальная оборона | B45: 17 | C45: 3 | D45: 02 | E45: 51180 | F45: 240 | G45: 02 | J45: =J46 -> 3.4 | K45: =K46 -> 5 | L45: =L46 -> 5
A46: Мобилизация и вневойсковая подготовка | B46: 17 | C46: 3 | D46: 02 | E46: 51180 | F46: 240 | G46: 02 | H46: 03 | J46: =J47 -> 3.4 | K46: =K47 -> 5 | L46: =L47 -> 5
A47: Администрация Трофимовщинского сельского поселения Ромодановского муниципального района Республики Мордовия | B47: 17 | C47: 3 | D47: 02 | E47: 51180 | F47: 240 | G47: 02 | H47: 03 | I47: 924 | J47: ='Приложение 2'!J53 -> 3.4 | K47: ='Приложение 2'!K53 -> 5 | L47: ='Приложение 2'!L53 -> 5
A48: Обеспечение деятельности аппарата Администрации | B48: 65 | C48: 0 | J48: =J49+J68 -> 1226.5 | K48: =K49+K68 -> 563.2 | L48: =L49+L68 -> 548.6
A49: Высшее должностное лицо | B49: 65 | C49: 1 | J49: =J50+J56 -> 454.1 | K49: =K50 -> 203.3 | L49: =L50 -> 181.6
A50: Расходы на выплаты по оплате труда высшего должностного лица | B50: 65 | C50: 1 | D50: 00 | E50: 41150 | J50: =J51 -> 337.1 | K50: =K51 -> 203.3 | L50: =L51 -> 181.6
A51: Расходы на выплаты персоналу в целях обеспечения выполнения функций государственными (муниципальными) органами, казенными учреждениями, органами управления государственными внебюджетными фондами | B51: 65 | C51: 1 | D51: 00 | E51: 41150 | F51: 100 | J51: =J52 -> 337.1 | K51: =K52 -> 203.3 | L51: =L52 -> 181.6
A52: Расходы на выплаты персоналу государственных (муниципальных) органов | B52: 65 | C52: 1 | D52: 00 | E52: 41150 | F52: 120 | J52: =J53 -> 337.1 | K52: =K53 -> 203.3 | L52: =L53 -> 181.6
A53: Общегосударственные вопросы | B53: 65 | C53: 1 | D53: 00 | E53: 41150 | F53: 120 | G53: 01 | J53: =J54 -> 337.1 | K53: =K54 -> 203.3 | L53: =L54 -> 181.6
A54: Функционирование высшего должностного лица субъекта Российской Федерации и муниципального образования | B54: 65 | C54: 1 | D54: 00 | E54: 41150 | F54: 120 | G54: 01 | H54: 02 | J54: =J55 -> 337.1 | K54: =K55 -> 203.3 | L54: =L55 -> 181.6
A55: Администрация Трофимовщинского сельского поселения Ромодановского муниципального района Республики Мордовия | B55: 65 | C55: 1 | D55: 00 | E55: 41150 | F55: 120 | G55: 01 | H55: 02 | I55: 924 | J55: ='Приложение 2'!J15 -> 337.1 | K55: ='Приложение 2'!K15 -> 203.3 | L55: ='Приложение 2'!L15 -> 181.6
A56: Субсидии на софинансирование расходных обязательств по финансовому обеспечению деятельности органов местного самоуправления и муниципальных учреждений | B56: 65 | C56: 1 | D56: 00 | E56: 44205 | J56: =J57 -> 117
A57: ='Приложение 2'!A17 -> Расходы на выплаты персоналу в целях обеспечения выполнения функций государственными (муниципальными) органами, казенными учреждениями, органами управления государственными внебюджетными фондами | B57: 65 | C57: 1 | D57: 00 | E57: 44205 | F57: 100 | J57: =J58 -> 117
A58: ='Приложение 2'!A18 -> Расходы на выплаты персоналу государственных (муниципальных) органов | B58: 65 | C58: 1 | D58: 00 | E58: 44205 | F58: 120 | J58: =J59 -> 117
A59: =A53 -> Общегосударственные вопросы | B59: 65 | C59: 1 | D59: 00 | E59: 44205 | F59: 120 | G59: 01 | J59: =J60 -> 117
A60: =A54 -> Функционирование высшего должностного лица субъекта Российской Федерации и муниципального образования | B60: 65 | C60: 1 | D60: 00 | E60: 44205 | F60: 120 | G60: 01 | H60: 02 | J60: =J61 -> 117
A61: =A55 -> Администрация Трофимовщинского сельского поселения Ромодановского муниципального района Республики Мордовия | B61: 65 | C61: 1 | D61: 00 | E61: 44205 | F61: 120 | G61: 01 | H61: 02 | I61: 924 | J61: ='Приложение 2'!J18 -> 117
A62: ='Приложение 3'!A92 -> Условно утвержденные расходы | B62: 65 | C62: 1 | D62: 00 | E62: 41990 | K62: =K63 -> 28 | L62: =L63 -> 56.7
A63: ='Приложение 3'!A93 -> Иные бюджетные ассигнования | B63: 65 | C63: 1 | D63: 00 | E63: 41990 | F63: 800 | K63: =K64 -> 28 | L63: =L64 -> 56.7
A64: ='Приложение 3'!A94 -> Резервные средства | B64: 65 | C64: 1 | D64: 00 | E64: 41990 | F64: 870 | K64: =K65 -> 28 | L64: =L65 -> 56.7
A65: ='Приложение 3'!A88 -> Условно утвержденные расходы | B65: 65 | C65: 1 | D65: 00 | E65: 41990 | F65: 870 | G65: 99 | K65: =K66 -> 28 | L65: =L66 -> 56.7
A66: ='Приложение 3'!A89 -> Условно утвержденные расходы | B66: 65 | C66: 1 | D66: 00 | E66: 41990 | F66: 870 | G66: 99 | H66: 99 | K66: =K67 -> 28 | L66: =L67 -> 56.7
A67: Администрация Трофимовщинского сельского поселения Ромодановского муниципального района Республики Мордовия | B67: 65 | C67: 1 | D67: 00 | E67: 41990 | F67: 870 | G67: 99 | H67: 99 | I67: 924 | K67: ='Приложение 3'!J94 -> 28 | L67: ='Приложение 3'!K94 -> 56.7
A68: Непрограмные расходы в рамках обеспечение деятельности Администрации | B68: 65 | C68: 2 | J68: =J69+J75 -> 772.4 | K68: =K69 -> 359.9 | L68: =L69 -> 367
A69: Расходы на выплаты по оплате труда работников органов местного самоуправления | B69: 65 | C69: 2 | D69: 00 | E69: 41110 | J69: =J70 -> 535.2 | K69: =K70 -> 359.9 | L69: =L70 -> 367
A70: Расходы на выплаты персоналу в целях обеспечения выполнения функций государственными (муниципальными) органами, казенными учреждениями, органами управления государственными внебюджетными фондами | B70: 65 | C70: 2 | D70: 00 | E70: 41110 | F70: 100 | J70: =J71 -> 535.2 | K70: =K71 -> 359.9 | L70: =L71 -> 367
A71: Расходы на выплаты персоналу государственных (муниципальных) органов | B71: 65 | C71: 2 | D71: 00 | E71: 41110 | F71: 120 | J71: =J72 -> 535.2 | K71: =K72 -> 359.9 | L71: =L72 -> 367
A72: Общегосударственные вопросы | B72: 65 | C72: 2 | D72: 00 | E72: 41110 | F72: 120 | G72: 01 | J72: =J73 -> 535.2 | K72: =K73 -> 359.9 | L72: =L73 -> 367
A73: Функционирование Правительства Российской Федерации, высших исполнительных органов государственной власти субъектов Российской Федерации, местных администраций | B73: 65 | C73: 2 | D73: 00 | E73: 41110 | F73: 120 | G73: 01 | H73: 04 | J73: =J74 -> 535.2 | K73: =K74 -> 359.9 | L73: =L74 -> 367
A74: Администрация Трофимовщинского сельского поселения Ромодановского муниципального района Республики Мордовия | B74: 65 | C74: 2 | D74: 00 | E74: 41110 | F74: 120 | G74: 01 | H74: 04 | I74: 924 | J74: ='Приложение 2'!J24 -> 535.2 | K74: ='Приложение 2'!K24 -> 359.9 | L74: ='Приложение 2'!L24 -> 367
A75: ='Приложение 2'!A25 -> Субсидии на софинансирование расходных обязательств по финансовому обеспечению деятельности органов местного самоуправления и муниципальных учреждений | B75: 65 | C75: 2 | D75: 00 | E75: 44205 | J75: =J76 -> 237.2
A76: ='Приложение 2'!A26 -> Расходы на выплаты персоналу в целях обеспечения выполнения функций государственными (муниципальными) органами, казенными учреждениями, органами управления государственными внебюджетными фондами | B76: 65 | C76: 2 | D76: 00 | E76: 44205 | F76: 100 | J76: =J77 -> 237.2
A77: ='Приложение 2'!A27 -> Расходы на выплаты персоналу государственных (муниципальных) органов | B77: 65 | C77: 2 | D77: 00 | E77: 44205 | F77: 120 | J77: =J78 -> 237.2
A78: =A72 -> Общегосударственные вопросы | B78: 65 | C78: 2 | D78: 00 | E78: 44205 | F78: 120 | G78: 01 | J78: =J79 -> 237.2
A79: =A73 -> Функционирование Правительства Российской Федерации, высших исполнительных органов государственной власти субъектов Российской Федерации, местных администраций | B79: 65 | C79: 2 | D79: 00 | E79: 44205 | F79: 120 | G79: 01 | H79: 04 | J79: =J80 -> 237.2
A80: =A74 -> Администрация Трофимовщинского сельского поселения Ромодановского муниципального района Республики Мордовия | B80: 65 | C80: 2 | D80: 00 | E80: 44205 | F80: 120 | G80: 01 | H80: 04 | I80: 924 | J80: ='Приложение 2'!J27 -> 237.2
A81: ='Приложение 2'!A28 -> Расходы на обеспечение функций органов местного самоуправления | B81: 65 | C81: 2 | D81: 00 | E81: 41120 | J81: =J82 -> 243.4 | K81: =K82 -> 95 | L81: =L82 -> 95
A82: Закупка товаров, работ и услуг для обеспечения государственных (муниципальных) нужд | B82: 65 | C82: 2 | D82: 00 | E82: 41120 | F82: 200 | J82: =J83+J87 -> 243.4 | K82: =K83+K87 -> 95 | L82: =L83+L87 -> 95
A83: Иные закупки товаров, работ и услуг для обеспечения государственных (муниципальных) нужд | B83: 65 | C83: 2 | D83: 00 | E83: 41120 | F83: 240 | J83: =J84 -> 242.9 | K83: =K84 -> 90 | L83: =L84 -> 90
A84: Общегосударственные вопросы | B84: 65 | C84: 2 | D84: 00 | E84: 41120 | F84: 240 | G84: 01 | J84: =J85 -> 242.9 | K84: =K85 -> 90 | L84: =L85 -> 90
A85: Функционирование Правительства Российской Федерации, высших исполнительных органов государственной власти субъектов Российской Федерации, местных администраций | B85: 65 | C85: 2 | D85: 00 | E85: 41120 | F85: 240 | G85: 01 | H85: 04 | J85: =J86 -> 242.9 | K85: =K86 -> 90 | L85: =L86 -> 90
A86: Администрация Трофимовщинского сельского поселения Ромодановского муниципального района Республики Мордовия | B86: 65 | C86: 2 | D86: 00 | E86: 41120 | F86: 240 | G86: 01 | H86: 04 | I86: 924 | J86: ='Приложение 2'!J30 -> 242.9 | K86: ='Приложение 2'!K30 -> 90 | L86: ='Приложение 2'!L30 -> 90
A87: Иные бюджетные ассигнования | B87: 65 | C87: 2 | D87: 00 | E87: 41120 | F87: 800 | J87: =J88 -> 0.5 | K87: =K88 -> 5 | L87: =L88 -> 5
A88: Уплата налогов, сборов и иных платежей | B88: 65 | C88: 2 | D88: 00 | E88: 41120 | F88: 850 | J88: =J89 -> 0.5 | K88: =K89 -> 5 | L88: =L89 -> 5
A89: Общегосударственные вопросы | B89: 65 | C89: 2 | D89: 00 | E89: 41120 | F89: 850 | G89: 01 | J89: =J90 -> 0.5 | K89: =K90 -> 5 | L89: =L90 -> 5
A90: Функционирование Правительства Российской Федерации, высших исполнительных органов государственной власти субъектов Российской Федерации, местных администраций | B90: 65 | C90: 2 | D90: 00 | E90: 41120 | F90: 850 | G90: 01 | H90: 04 | J90: =J91 -> 0.5 | K90: =K91 -> 5 | L90: =L91 -> 5
A91: Администрация Трофимовщинского сельского поселения Ромодановского муниципального района Республики Мордовия | B91: 65 | C91: 2 | D91: 00 | E91: 41120 | F91: 850 | G91: 01 | H91: 04 | I91: 924 | J91: ='Приложение 2'!J32 -> 0.5 | K91: ='Приложение 2'!K32 -> 5 | L91: ='Приложение 2'!L32 -> 5
A92: ='Приложение 2'!A86 -> Доплаты к пенсиям муниципальных служащих Республики Мордовия | B92: 89 | C92: 1 | D92: 00 | E92: 03010 | J92: =J93 -> 196.1 | K92: =K93 -> 172.5 | L92: =L93 -> 172.5
A93: ='Приложение 2'!A87 -> Социальное обеспечение и иные выплаты населению | B93: 89 | C93: 1 | D93: 00 | E93: 03010 | F93: 300 | J93: =J94 -> 196.1 | K93: =K94 -> 172.5 | L93: =L94 -> 172.5
A94: ='Приложение 2'!A88 -> Публичные нормативные социальные выплаты гражданам | B94: 89 | C94: 1 | D94: 00 | E94: 03010 | F94: 310 | J94: =J95 -> 196.1 | K94: =K95 -> 172.5 | L94: =L95 -> 172.5
A95: ='Приложение 2'!A82 -> Социальная политика | B95: 89 | C95: 1 | D95: 00 | E95: 03010 | F95: 310 | G95: 10 | J95: =J96 -> 196.1 | K95: =K96 -> 172.5 | L95: =L96 -> 172.5
A96: ='Приложение 2'!A83 -> Пенсионное обеспечение | B96: 89 | C96: 1 | D96: 00 | E96: 03010 | F96: 310 | G96: 10 | H96: 01 | J96: =J97 -> 196.1 | K96: =K97 -> 172.5 | L96: =L97 -> 172.5
A97: =A91 -> Администрация Трофимовщинского сельского поселения Ромодановского муниципального района Республики Мордовия | B97: 89 | C97: 1 | D97: 00 | E97: 03010 | F97: 310 | G97: 10 | H97: 01 | I97: 924 | J97: ='Приложение 2'!J88 -> 196.1 | K97: ='Приложение 2'!K88 -> 172.5 | L97: ='Приложение 2'!L88 -> 172.5
A98: ='Приложение 2'!A41 -> Резервный фонд администрации Трофимовщинского сельского поселени Ромодановского муниципального района Республики Мордовия | B98: 89 | C98: 1 | D98: 00 | E98: 41180 | J98: =J99 -> 0 | K98: =K99 -> 5 | L98: =L99 -> 5
A99: ='Приложение 2'!A42 -> Иные бюджетные ассигнования | B99: 89 | C99: 1 | D99: 00 | E99: 41180 | F99: 800 | J99: =J100 -> 0 | K99: =K100 -> 5 | L99: =L100 -> 5
A100: ='Приложение 2'!A43 -> Резервные средства | B100: 89 | C100: 1 | D100: 00 | E100: 41180 | F100: 870 | J100: =J101 -> 0 | K100: =K101 -> 5 | L100: =L101 -> 5
...

Sheet прил 5
C1: Приложение 5
C2: к решению Совета депутатов Трофимовщинского сельского поселения Ромодановского муниципального района Республики Мордовия "О бюджете Трофимовщинского сельского поселения Ромодановского муниципального района Республики Мордовия на 2022 год и на плановый период 2023 и 2024 годов"от 29.12.2021№14
A3: ИСТОЧНИКИ ВНУТРЕННЕГО ФИНАНСИРОВАНИЯ ДЕФИЦИТА БЮДЖЕТА ТРОФИМОВЩИНСКОГО СЕЛЬСКОГО ПОСЕЛЕНИЯ РОМОДАНОВСКОГО МУНИЦИПАЛЬНОГО РАЙОНА РЕСПУБЛИКИ МОРДОВИЯ НА 2022 ГОД И НА ПЛАНОВЫЙ ПЕРИОД 2023 и 2024 ГОДОВ
A7: Код | B7: Наименование кода группы, подгруппы, статьи, вида источника финансирования дефицитов бюджетов, кода классификации операций сектора государственного управления, относящихся к источникам финансирования дефицитов бюджетов Российской Федерации | C7: Сумма (тыс. руб.)
C8: 2022 год | D8: 2023 год | E8: 2024 год
A9: 1 | B9: 2 | C9: 3 | D9: 4 | E9: 5
A10: 000 01 00 00 00 00 0000 000 | B10: ИСТОЧНИКИ ВНУТРЕННЕГО ФИНАНСИРОВАНИЯ ДЕФИЦИТОВ БЮДЖЕТОВ | C10: =C11+C22+C14+C18 -> 82 | D10: =D11+D22+D14+D18 -> -3.1974423e-13 | E10: =E11+E22+E14+E18 -> 9.2370556e-14
A11: 000 01 02 00 00 00 0000 000 | B11: Кредиты кредитных организаций в валюте Российской Федерации | C11: =SUM(C12) -> 0 | D11: =SUM(D12) -> 0 | E11: =SUM(E12) -> 0
A12: 000 01 02 00 00 00 0000 700 | B12: Привлечение кредитов от кредитных организаций в валюте Российской Федерации | C12: =SUM(C13) -> 0 | D12: =SUM(D13) -> 0 | E12: =SUM(E13) -> 0
A13: 000 01 02 00 00 05 0000 710 | B13: Привлечение кредитов от кредитных организаций бюджетами муниципальных районов в валюте Российской Федерации
A14: 000 01 03 00 00 00 0000 000 | B14: Бюджетные кредиты из других бюджетов бюджетной системы Российской Федерации | C14: =C15 -> -26.7 | D14: =D15 -> -40.1 | E14: =E15 -> -53.4
A15: 000 01 03 01 00 00 0000 000 | B15: Бюджетные кредиты из других бюджетов бюджетной системы Российской Федерации в валюте Российской Федерации | C15: =C16 -> -26.7 | D15: =D16 -> -40.1 | E15: =E16 -> -53.4
A16: 000 01 03 01 00 00 0000 800 | B16: Погашение бюджетных кредитов, полученных из других бюджетов бюджетной системы Российской Федерации в валюте Российской Федерации | C16: =SUM(C17) -> -26.7 | D16: =SUM(D17) -> -40.1 | E16: =SUM(E17) -> -53.4
A17: 000 01 03 01 00 10 0000 810 | B17: Погашение бюджетами сельских поселений кредитов из других бюджетов бюджетной системы Российской Федерации в валюте Российской Федерации | C17: -26.7 | D17: -40.1 | E17: -53.4
A18: 000 01 06 00 00 00 0000 000 | B18: Иные источники внутреннего финансирования дефицитов бюджетов | C18: =C19 -> 0 | D18: =D19 -> 0 | E18: =E19 -> 0
A19: 000 01 06 05 00 00 0000 000 | B19: Бюджетные кредиты, предоставленные внутри страны в валюте Российской Федерации | C19: =C20 -> 0 | D19: =D20 -> 0 | E19: =E20 -> 0
A20: 000 01 06 05 02 00 0000 600 | B20: Возврат бюджетных кредитов, предоставленных другим бюджетам бюджетной системы Российской Федерации в валюте Российской Федерации | C20: =C21 -> 0 | D20: =D21 -> 0 | E20: =E21 -> 0
A21: 000 01 06 05 02 05 0000 640 | B21: Возврат бюджетных кредитов, предоставленных другим бюджетам бюджетной системы Российской Федерации из бюджетов муниципальных районов в валюте Российской Федерации
A22: 000 01 05 00 00 00 0000 000 | B22: Изменения остатков средств на счетах по учету средств бюджета | C22: =C25+C26 -> 108.7 | D22: =D25+D26 -> 40.1 | E22: =E25+E26 -> 53.4
A23: 000 01 05 02 00 00 0000 500 | B23: Увеличение прочих остатков средств бюджетов | C23: =SUM(C24) -> -2411.1 | D23: =SUM(D24) -> -1213.2 | E23: =SUM(E24) -> -1230.5
A24: 000 01 05 02 01 00 0000 510 | B24: Увеличение прочих остатков денежных средств бюджетов | C24: =SUM(C25) -> -2411.1 | D24: =SUM(D25) -> -1213.2 | E24: =SUM(E25) -> -1230.5
A25: 000 01 05 02 01 10 0000 510 | B25: Увеличение прочих остатков денежных средств бюджетов сельских поселений | C25: =-'Приложение 1'!C11-C30 -> -2411.1 | D25: =-'Приложение 1'!D11-D30 -> -1213.2 | E25: =-'Приложение 1'!E11-E30 -> -1230.5
A26: 000 01 05 02 00 00 0000 600 | B26: Уменьшение прочих остатков средств бюджетов | C26: =SUM(C27) -> 2519.8 | D26: =SUM(D27) -> 1253.3 | E26: =SUM(E27) -> 1283.9
A27: 000 01 05 02 01 00 0000 610 | B27: Уменьшение прочих остатков денежных средств бюджетов | C27: =SUM(C28) -> 2519.8 | D27: =SUM(D28) -> 1253.3 | E27: =SUM(E28) -> 1283.9
A28: 000 01 05 02 01 05 0000 610 | B28: Уменьшение прочих остатков денежных средств бюджетов муниципальных районов | C28: =-C17+'Приложение 2'!J7 -> 2519.8 | D28: =-D17+'Приложение 2'!K7 -> 1253.3 | E28: =-E17+'Приложение 2'!L7 -> 1283.9
A29: 000 01 00 00 00 00 0000 000 | B29: Итого источников внутреннего финансирования дефицита бюджета Трофимовщинского сельского поселения Ромодановского муниципального района Республики Мордовия
B30: собственные доходы | C30: 915.4 | D30: 898.7 | E30: 912.8
